 Dungeon Crawl Stone Soup version 0.21.1-1-g345015f (webtiles) character file.

13038 pk666 the Thaumaturge (level 11, -6/54 HPs)
             Began as a Deep Elf Wizard on Feb 11, 2018.
             Was a Priest of Vehumet.
             Mangled by a four-headed hydra (16 damage)
             ... on level 1 of the Lair of Beasts.
             The game lasted 01:09:02 (14115 turns).

pk666 the Thaumaturge (Deep Elf Wizard)            Turns: 14115, Time: 01:09:04

Health: -6/54      AC:  6    Str:  7    XL:     11   Next: 70%
Magic:  14/30      EV: 17    Int: 27    God:    Vehumet [***...]
Gold:   634        SH:  0    Dex: 13    Spells: 18/37 levels left

rFire    . . .     SeeInvis .   U - +2 dagger (holy)
rCold    . . .     Gourm    .   (no shield)
rNeg     . . .     Faith    .   a - +0 robe
rPois    .         Spirit   .   b - +0 hat
rElec    .         Reflect  .   R - +0 cloak {+Inv}
rCorr    .         Harm     .   I - +2 pair of gloves {Str+3}
MR       +....                  (no boots)
Stlth    ++........             j - amulet of magic regeneration
HPRegen  0.18/turn              k - ring of flight
MPRegen  0.47/turn              t - ring of wizardry

@: no status effects
A: no striking features
a: Renounce Religion, Evoke Invisibility, Evoke Flight


You were on level 1 of the Lair of Beasts.
You worshipped Vehumet.
Vehumet was most pleased with you.
You were not hungry.

You visited 2 branches of the dungeon, and saw 10 of its levels.

You collected 634 gold pieces.

Inventory:

Hand Weapons
 U - a +2 dagger of holy wrath (weapon)
Armour
 a - a +0 robe (worn)
 b - a +0 hat (worn)
 y - a +1 cloak
 I - a +2 pair of gloves of strength (worn)
 R - a +0 cloak of invisibility (worn)
Jewellery
 j - an amulet of magic regeneration (around neck)
 k - a ring of flight (left hand)
 t - a ring of wizardry (right hand)
 P - an uncursed ring of resist corrosion {unknown}
Wands
 E - a wand of enslavement (11)
 L - a wand of flame (32)
 O - a wand of iceblast (8)
 S - a wand of disintegration (16)
 T - a wand of paralysis (16)
Scrolls
 e - 9 scrolls of identify
 g - a scroll of random uselessness {unknown}
 h - 2 scrolls of noise {unknown}
 r - 4 scrolls of remove curse
 u - 3 scrolls of teleportation
 v - a scroll of fog {unknown}
 w - 5 scrolls of blinking {unknown}
 x - 3 scrolls of amnesia {unknown}
 B - 2 scrolls of fear {unknown}
 C - 2 scrolls of magic mapping
 G - 2 scrolls of enchant weapon {unknown}
 J - 2 scrolls of enchant armour {unknown}
 N - a scroll of immolation {unknown}
 V - a scroll of holy word {unknown}
Potions
 f - 2 potions of ambrosia
 i - 3 potions of resistance
 l - a potion of berserk rage {unknown}
 m - a potion of heal wounds
 n - a potion of degeneration {unknown}
 p - 2 potions of mutation {unknown}
 q - 5 potions of brilliance
 s - 3 potions of agility
 z - a potion of lignification {unknown}
 A - a potion of haste {unknown}
 D - 3 potions of might {unknown}
 F - 2 potions of curing {unknown}
 K - a potion of flight {unknown}
 M - a potion of magic {unknown}
Books
 c - a book of Minor Magic

   Spells                             Type                      Level
   a - Magic Dart                     Conjuration                  1
   b - Blink                          Translocation                2
   c - Call Imp                       Summoning                    2
   d - Slow                           Hexes                        2
   e - Conjure Flame                  Conjuration/Fire             3
   f - Mephitic Cloud                 Conjuration/Poison/Air       3
 o - a book of Cantrips

   Spells                             Type                      Level
   a - Confusing Touch                Hexes                        1
   b - Animate Skeleton               Necromancy                   1
   c - Summon Small Mammal            Summoning                    1
   d - Apportation                    Translocation                1
 H - a book of Clouds

   Spells                             Type                      Level
   a - Poisonous Vapours              Poison/Air                   2
   b - Mephitic Cloud                 Conjuration/Poison/Air       3
   c - Conjure Flame                  Conjuration/Fire             3
   d - Freezing Cloud                 Conjuration/Ice/Air          6
   e - Ring of Flames                 Charms/Fire                  7
Comestibles
 d - 12 rations
 Q - 19 chunks of flesh


   Skills:
 * Level 9.0 Dodging
 - Level 2.4 Stealth
 + Level 13.9 Spellcasting
 + Level 11.5 Conjurations
   Level 1.1 Summonings
 + Level 0.7 Necromancy
 - Level 3.1 Translocations
 + Level 8.4 Fire Magic
 * Level 2.6 Ice Magic
 - Level 1.0 Air Magic
 - Level 2.0 Poison Magic


You had 18 spell levels left.
You knew the following spells:

 Your Spells              Type           Power        Failure   Level  Hunger
a - Magic Dart            Conj           ####         1%          1    None
b - Blink                 Tloc           N/A          1%          2    None
c - Apportation           Tloc           #####.       1%          1    None
d - Conjure Flame         Conj/Fire      ######..     1%          3    None
e - Freezing Cloud        Conj/Ice/Air   #####.....   6%          6    ####...
f - Searing Ray           Conj           ######       1%          2    None
g - Animate Skeleton      Necr           N/A          1%          1    None
z - Mephitic Cloud        Conj/Pois/Air  #####...     1%          3    None


Dungeon Overview and Level Annotations

Branches:
Dungeon (9/15)             Temple (0/1) D:6            Lair (1/6) D:9
    Orc: D:9-12

Altars:
Dithmenos
Fedhas
Gozag
Hepliaklqana
Makhleb
Okawaru
Ru
Sif Muna
Vehumet
Xom
Zin
The Shining One

Shops:
D:6 *


Message History

The four-headed hydra is almost dead.
Casting: Magic Dart
Confirm with . or Enter, or press ? or * to list all spells.
You blink.
The four-headed hydra bites you! The four-headed hydra bites you. x2
* * * LOW HITPOINT WARNING * * *
The four-headed hydra bites you!
* * * LOW HITPOINT WARNING * * *
Casting: Blink
Confirm with . or Enter, or press ? or * to list all spells.
You blink.
Casting: Blink
Confirm with . or Enter, or press ? or * to list all spells.
You blink.
Casting: Blink
Confirm with . or Enter, or press ? or * to list all spells.
You blink.
The four-headed hydra completely misses you.
The four-headed hydra barely misses you. x2
The four-headed hydra bites you!
You die...

...(... ...... .....
...# . #..# .D. #..#
##########..##
####.#####......§§....#
#.........§D....##P..).#
###..#....#..@..## ...##
## #...###...##.....#
..# .###..##
#....##..### .# .....##
#....##P..# .. ......#
#.....##### . ......#
##...## ....### #...##
...## ##...# .÷## #....#


You could see a four-headed hydra.

Vanquished Creatures
  A hydra (Lair:1)
  4 two-headed ogres
  The ghost of Yawgmoth the Prestidigitator, a novice DsCK of Xom (D:8)
  Maurice (D:8)
  A spiny frog (Lair:1)
  A troll (D:9)
  Prince Ribbit (D:7)
  A hippogriff (D:7)
  Sigmund (D:2)
  12 yaks
  A vampire (D:8)
  A human (D:7)
  A wyvern (D:7)
  4 hogs (D:7)
  Edmund (D:6)
  A water moccasin (D:6)
  Duvessa (D:7)
  4 orc warriors
  2 porcupines (D:9)
  2 ice beasts
  A black bear (D:9)
  An eye of draining (D:8)
  A necrophage (D:5)
  2 sky beasts (D:7)
  8 ogres
  2 phantoms
  A wolf (Lair:1)
  4 centaurs
  A crocodile (Lair:1)
  10 bullfrogs
  Dowan (D:7)
  A wyvern skeleton (D:8)
  2 scorpions
  5 wights (D:6)
  2 howler monkeys (D:8)
  2 crimson imps
  A centaur zombie (D:6)
  A bullfrog zombie (D:5)
  2 orc priests
  4 hounds
  5 jellies
  10 orc wizards
  Jessica (D:2)
  A centaur skeleton (D:8)
  An iguana (D:4)
  6 worker ants
  2 killer bee zombies
  A hound skeleton (D:6)
  A worker ant zombie (D:6)
  A howler monkey skeleton (D:6)
  12 adders
  2 shadow imps
  An ooze (D:3)
  2 adder skeletons (D:9)
  2 worms
  3 dart slugs
  6 leopard geckos
  32 orcs
  3 ball pythons
  13 bats
  4 giant cockroaches
  10 goblins
  8 hobgoblins
  4 jackals
  10 kobolds
  3 quokkas
  7 frilled lizards
  A jackal skeleton (D:7)
  A quokka skeleton (D:4)
  5 rats
252 creatures vanquished.

Vanquished Creatures (others)
  A fungus (D:9)
1 creature vanquished.

Grand Total: 253 creatures vanquished

Notes
Turn   | Place    | Note
-------+----------+-------------------------------------------
     0 | D:1      | pk666 the Deep Elf Wizard began the quest for the Orb.
     0 | D:1      | Reached XP level 1. HP: 10/10 MP: 7/7
   279 | D:1      | Reached XP level 2. HP: 15/15 MP: 6/9
   431 | D:1      | Reached skill level 5 in Spellcasting
   730 | D:1      | Reached XP level 3. HP: 19/19 MP: 4/11
  1282 | D:2      | Noticed Jessica
  1288 | D:2      | Killed Jessica
  1288 | D:2      | Reached XP level 4. HP: 24/24 MP: 10/13
  1325 | D:2      | Noticed Sigmund
  1335 | D:2      | Killed Sigmund
  1335 | D:2      | Reached skill level 6 in Spellcasting
  1335 | D:2      | Reached XP level 5. HP: 21/28 MP: 9/15
  1411 | D:2      | Found an iron altar of Okawaru.
  1605 | D:2      | Learned a level 2 spell: Blink
  1609 | D:2      | Learned a level 3 spell: Mephitic Cloud
  1619 | D:2      | Learned a level 3 spell: Conjure Flame
  1823 | D:3      | Reached XP level 6. HP: 32/32 MP: 13/17
  2328 | D:4      | Reached skill level 1 in Poison Magic
  2376 | D:4      | Reached skill level 1 in Air Magic
  2497 | D:4      | Reached skill level 7 in Spellcasting
  2497 | D:4      | Reached skill level 1 in Fire Magic
  2594 | D:4      | Reached XP level 7. HP: 30/36 MP: 14/19
  2747 | D:4      | Reached skill level 5 in Conjurations
  3156 | D:4      | Found an opulent altar of Gozag.
  3218 | D:5      | Entered Level 5 of the Dungeon
  3313 | D:5      | Reached skill level 8 in Spellcasting
  3354 | D:5      | Reached skill level 5 in Dodging
  3661 | D:5      | Found a burning altar of Makhleb.
  3716 | D:5      | Reached XP level 8. HP: 41/41 MP: 15/22
  4055 | D:5      | Found a hazy altar of Hepliaklqana.
  4315 | D:5      | Found a deep blue altar of Sif Muna.
  4319 | D:5      | Found a radiant altar of Vehumet.
  4321 | D:5      | Found a sacrificial altar of Ru.
  4321 | D:5      | Found an iron altar of Okawaru.
  4321 | D:5      | Found a blossoming altar of Fedhas.
  4322 | D:5      | Found a glowing golden altar of the Shining One.
  4323 | D:5      | Found a shadowy altar of Dithmenos.
  4326 | D:5      | Found a glowing silver altar of Zin.
  4337 | D:5      | Became a worshipper of Vehumet
  4465 | D:6      | Reached skill level 9 in Spellcasting
  4554 | D:6      | Found a shimmering altar of Xom.
  4584 | D:6      | Found Pahaef's Serpentskin Sales.
  4584 | D:6      | Noticed Edmund
  5712 | D:6      | Found a staircase to the Ecumenical Temple.
  5911 | D:6      | Reached skill level 10 in Spellcasting
  5998 | D:6      | Reached XP level 9. HP: 45/45 MP: 20/25
  6095 | D:6      | Killed Edmund
  6686 | D:7      | Reached * piety under Vehumet
  6686 | D:7      | Offered knowledge of Shock by Vehumet.
  6830 | D:7      | Reached skill level 5 in Fire Magic
  7009 | D:7      | Reached skill level 11 in Spellcasting
  7118 | D:7      | Noticed Prince Ribbit
  7133 | D:7      | Killed Prince Ribbit
  7249 | D:7      | Reached XP level 10. HP: 29/50 MP: 13/27
  7648 | D:7      | Noticed Duvessa
  7661 | D:7      | Killed Duvessa
  7661 | D:7      | Reached skill level 12 in Spellcasting
  7775 | D:7      | Noticed Dowan
  7789 | D:7      | Killed Dowan
  8147 | D:8      | Reached ** piety under Vehumet
  8198 | D:8      | Offered knowledge of Flame Tongue by Vehumet.
  8388 | D:8      | Noticed a two-headed ogre
  8441 | D:8      | Reached skill level 10 in Conjurations
  8493 | D:8      | Noticed a two-headed ogre
  8496 | D:8      | Killed a two-headed ogre
  8552 | D:8      | Noticed Yawgmoth's ghost (novice DsCK)
  8553 | D:8      | Noticed Maurice
  9045 | D:8      | Reached skill level 13 in Spellcasting
  9308 | D:8      | Killed Yawgmoth's ghost
  9468 | D:8      | Killed a two-headed ogre
  9794 | D:8      | Noticed a two-headed ogre
  9816 | D:8      | Killed a two-headed ogre
  9816 | D:8      | Reached XP level 11. HP: 15/54 MP: 16/30
 10176 | D:8      | Killed Maurice
 11297 | D:8      | Offered knowledge of Searing Ray by Vehumet.
 11788 | D:9      | Found a staircase to the Lair.
 12016 | D:9      | Noticed a two-headed ogre
 12178 | D:9      | Killed a two-headed ogre
 12515 | D:9      | Reached *** piety under Vehumet
 12633 | D:9      | Learned a level 1 spell: Apportation
 12640 | D:9      | Learned a level 6 spell: Freezing Cloud
 13370 | D:9      | Reached skill level 1 in Ice Magic
 13626 | Lair:1   | Entered Level 1 of the Lair of Beasts
 13636 | Lair:1   | Noticed a six-headed hydra
 13646 | Lair:1   | Killed a six-headed hydra
 13922 | Lair:1   | Learned a level 2 spell: Searing Ray
 13924 | Lair:1   | Learned a level 1 spell: Animate Skeleton
 14098 | Lair:1   | Noticed a four-headed hydra
 14115 | Lair:1   | Mangled by a four-headed hydra

Skill      XL: |  1  2  3  4  5  6  7  8  9 10 11 |
---------------+----------------------------------+-----
Conjurations   | 2 3 4 5 7 9 11 | 11.5
Spellcasting   | 5 6 7 8 10 11 13 | 13.9
Dodging        | 3 4 5 6 9 |  9.0
Poison Magic   | 2 |  2.0
Air Magic      | 1 |  1.0
Fire Magic     | 1 2 4 5 7 8 |  8.4
Translocations | 2 3 |  3.1
Ice Magic      | 2 |  2.6
Stealth        | |  2.4
Summonings     | |  1.1
Necromancy     | |  0.7

Action                   |  1- 3 |  4- 6 |  7- 9 | 10-12 || total
-------------------------+-------+-------+-------+-------++-------
Melee: Dagger            |       |       |    16 |   154 ||   170
 Cast: Magic Dart        |    77 |   131 |   404 |   489 ||  1101
       Conjure Flame     |       |     3 |    18 |    62 ||    83
       Mephitic Cloud    |       |     4 |    20 |    47 ||    71
       Blink             |       |       |     3 |    31 ||    34
       Freezing Cloud    |       |       |       |    13 ||    13
       Searing Ray       |       |       |       |     2 ||     2
  Use: Scroll            |     3 |     2 |     1 |     4 ||    10
       Potion            |       |       |       |     1 ||     1
 Stab: Confused          |       |       |     1 |     6 ||     7
  Eat: Chunk             |     1 |     4 |    10 |    14 ||    29
       Ration            |       |       |     1 |     3 ||     4
Armor: Robe              |     6 |     2 |     9 |    17 ||    34
Dodge: Dodged            |    10 |    14 |    51 |   100 ||   175
